 Dungeon Crawl Stone Soup version 0.30-a0-540-g0af01429fa (webtiles) character file.

Game seed: 14171634837096248232

329 Adrian566 the Sneak (level 6, 0/41 HPs)
             Began as an Octopode Brigand on Dec 25, 2022.
             Killed from afar by an orc wizard (13 damage)
             ... with a puff of flame
             ... on level 4 of the Dungeon.
             The game lasted 00:04:34 (2865 turns).

Adrian566 the Sneak (Octopode Brigand)              Turns: 2865, Time: 00:04:35

Health: 0/41       AC:  1    Str: 11    XL:     6   Next: 50%
Magic:  6/6        EV: 13    Int: 13    God:
Gold:   126        SH:  0    Dex: 15    Spells: 5/5 levels left

rFire   . . .      SeeInvis .    g - +4 short sword
rCold   . . .      Faith    .    (no shield)
rNeg    . . .      Spirit   .    (helmet restricted)
rPois   .          Reflect  .    (no amulet)
rElec   .          Harm     .    (no ring)
rCorr   .          Rampage  .    (no ring)
Will    .....                    (no ring)
Stlth   +++++                    (no ring)
HPRegen 0.26/turn                (no ring)
MPRegen 0.10/turn                (no ring)
                                 (no ring)
                                 (no ring)

@: attractive
A: almost no armour, amphibious, 8 rings, camouflage 1, gelatinous body 1,
(nimble swimmer 1), tentacles
a: no special abilities


You were on level 4 of the Dungeon.
You visited 1 branch of the dungeon, and saw 4 of its levels.

You collected 126 gold pieces.

Inventory:

Hand Weapons
 a - a +2 dagger
 g - a +4 short sword (weapon)
Missiles
 b - 12 poisoned darts (quivered)
 c - 3 curare-tipped darts
Jewellery
 n - a ring of magical power
 s - a ring of ice
Scrolls
 j - a scroll of poison
 k - a scroll of vulnerability
 l - a scroll of blinking
 o - 3 scrolls of teleportation
 p - a scroll of immolation
Potions
 d - 2 potions of cancellation
 f - a potion of flight
 m - a potion of mutation
 q - a potion of attraction


   Skills:
 + Level 2.8 Fighting
 * Level 4.7 Short Blades
 + Level 2.2 Throwing
 + Level 1.7 Dodging
 + Level 7.5 Stealth


You had 5 spell levels left.
You didn't know any spells.
Your spell library contained the following spells:

 Spells                   Type           Power      Damage    Failure   Level
 Apportation              Tloc           0%         N/A       30%         1
 Foxfire                  Conj/Fire      0%         2x1d4     30%         1
 Necrotise                Necr           0%         1d4       30%         1
 Summon Small Mammal      Summ           0%         N/A       30%         1
 Ensorcelled Hibernation  Hex/Ice        0%         N/A       43%         2
 Passwall                 Tmut/Erth      0%         N/A       43%         2
 Swiftness                Air            0%         N/A       67%         3


Dungeon Overview and Level Annotations

Branches:
Dungeon (4/15)
 Temple: D:4-7

Altars:
Cheibriados


Innate Abilities, Weirdness & Mutations

You cannot wear most types of armour.
You are amphibious.
You can wear up to eight rings at the same time.
Your skin changes colour to match your surroundings (Stealth+).
Your rubbery body absorbs attacks. (AC +1, EV +1)
((You are camouflaged when in or above water. (Stealth+)))
You have tentacles for arms and can constrict up to eight enemies at once.


Message History

The phantom barely misses you. The orc priest is attracted toward you.
You closely miss the phantom. Your squeeze misses the phantom.
The phantom is heavily damaged.
The phantom hits you.
* * * LOW HITPOINT WARNING * * *
The orc priest miscasts a cantrip.
The orc priest is attracted toward you. The orc wizard is attracted toward you.
You puncture the phantom!
The phantom is severely damaged.
The orc wizard casts a spell.
The orc wizard flickers and vanishes!
Deactivating autopickup; reactivate with Ctrl-A.
The phantom closely misses you. Something is attracted toward you.
You hit the phantom.
The phantom is almost destroyed.
You miss the phantom.
The phantom is almost destroyed.
The phantom closely misses you.
You barely miss the phantom. You squeeze the phantom.
You destroy the phantom!
The orc priest looks braver for a moment.
A magic dart appears from out of thin air!
The magic dart hits you!
* * * LOW HITPOINT WARNING * * *
Something is attracted toward you.
You feel much better. The orc priest barely misses you. Something hits you.
The ogre is attracted toward you.
You hit the orc priest. You grab the orc priest.
The orc priest is moderately wounded.
You constrict the orc priest. The orc priest hits you with a +0 club.
Something hits you. The ogre is attracted toward you.
You puncture the orc priest! You squeeze the orc priest.
The orc priest is almost dead.
You constrict the orc priest.
You kill the orc priest!
Something hits you.
You hear some strange, mumbled words.
A puff of flame appears from out of thin air!
The puff of flame hits you!
You die...

........ #......
#...... #..... ....#
#..... ....####
#.....# #.#.....#
###.....###.#@....#
............#.....#
............#{O...#
....._............#
............ยง.....+
..................#
##.....###.#.....#
#.....# #<#......
#.....# #)##.....#


You could see an ogre.

Vanquished Creatures
  A phantom (D:4)
  An orc priest (D:4)
  2 orc wizards
  A mummy (D:4)
  4 gnolls (D:3)
  5 adders
  2 dart slugs (D:1)
  6 orcs (D:3)
  8 ball pythons
  4 bats
  6 endoplasms
  5 giant cockroaches
  6 goblins
  7 hobgoblins
  2 quokkas
  4 frilled lizards
  6 kobolds
  5 rats
75 creatures vanquished.

Notes
Turn   | Place    | Note
-------+----------+-------------------------------------------
     0 | D:1      | Adrian566 the Octopode Brigand began the quest for the Orb.
     0 | D:1      | Reached XP level 1. HP: 14/14 MP: 1/1
   133 | D:1      | Reached XP level 2. HP: 16/19 MP: 2/2
   342 | D:1      | Reached skill level 6 in Stealth
   445 | D:1      | Reached XP level 3. HP: 24/24 MP: 3/3
  1111 | D:2      | Found a faded altar of an unknown god.
  1123 | D:2      | Got Plato's Quarto of Blasting
  1150 | D:2      | Identified the +0 leather armour "Ikkuo" {Int+5}
  1481 | D:2      | Reached XP level 4. HP: 29/29 MP: 4/4
  1767 | D:3      | HP: 1/29 [gnoll/+0 spear (6)]
  1917 | D:3      | Reached skill level 7 in Stealth
  1917 | D:3      | Reached XP level 5. HP: 35/35 MP: 5/5
  2693 | D:4      | Found a snail-covered altar of Cheibriados.
  2732 | D:4      | Noticed an ogre
  2848 | D:4      | Noticed a phantom
  2853 | D:4      | Reached XP level 6. HP: 30/41 MP: 6/6
  2865 | D:4      | Killed from afar by an orc wizard

Illustrated notes

Levels and vault maps discovered:
D:1:      erik_arrival_blinker_ship, layout_loops_ring
D:2:      layout_basic, shapermc_ecumenical_altar_rom_forum,
          hangedman_abyss_or_decor_stabs
D:3:      layout_basic, minmay_fountain_box, dreamdust_princess_bridge
D:4:      layout_basic, slow_altar_1

Skill      XL: |  1  2  3  4  5 |
---------------+----------------+-----
Stealth        | 6 7 |  7.5
Short Blades   | 3 4 |  4.7
Fighting       | |  2.8
Throwing       | |  2.2
Dodging        | |  1.7

Action                   |  1- 3 |  4- 6 || total
-------------------------+-------+-------++-------
Melee: Dagger            |    11 |       ||    11
       Constrict         |    11 |    20 ||    31
       Short sword       |    44 |    79 ||   123
       Tentacles         |     4 |    14 ||    18
       Punch             |     1 |     2 ||     3
Throw: Dart              |     5 |       ||     5
  Use: Potion            |       |     8 ||     8
       Scroll            |       |     8 ||     8
 Stab: Sleeping          |    17 |     7 ||    24
       Distracted        |     1 |     1 ||     2
Armor: Skin              |     2 |     4 ||     6
Dodge: Dodged            |    20 |    58 ||    78

Table legend: (Time is in decaauts)
 A = Elapsed time spent in this place.
 B = Non-inter-level travel time spent in this place.
 C = Inter-level travel time spent in this place.
 D = Time resting spent in this place.
 E = Time spent auto-exploring this place.
 F = Levels seen in this place.
 G = Mean time per level.
                   A        B        C        D        E       F      G
               +--------+--------+--------+--------+--------+-----+--------+
         Total |   2843 |   2705 |    138 |      5 |   2272 |   4 |  710.8 |
       Dungeon |   2843 |   2705 |    138 |      5 |   2272 |   4 |  710.8 |
               +--------+--------+--------+--------+--------+-----+--------+

Top non-repeatable levels by time:
     D:3: 1064 daAuts
     D:2: 1027 daAuts
     D:1: 698 daAuts
     D:4: 53 daAuts
